 Dungeon Crawl Stone Soup version 0.31.0-32-g396128a36d (webtiles) character file.

Game seed: 7708811793576162835

491 booth the Chopper (level 6, -2/57 HPs)
             Began as a Minotaur Monk on Mar 28, 2024.
             Killed by nerve-wracking pain
             ... invoked by Grinder
              (8 damage)
             ... on level 5 of the Dungeon on Mar 29, 2024.
             The game lasted 00:16:57 (2704 turns).

booth the Chopper (Minotaur Monk)                   Turns: 2704, Time: 00:16:58

Health: -2/57      AC: 11    Str: 16    XL:     6   Next: 91%
Magic:  5/5        EV: 11    Int:  9    God:
Gold:   205        SH:  0    Dex: 12    Spells: 5/5 levels left

rFire   . . .        a - +0 hand axe (drain)
rCold   . . .        (no shield)
rNeg    . . .        b - +0 ring mail
rPois   .            (helmet restricted)
rElec   .            f - +1 cloak
rCorr   .            l - +2 pair of gloves
SInv    .            (no boots)
Will    .....        (no amulet)
Stlth   +            (no ring)
HPRegen 0.29/turn    (no ring)
MPRegen 0.09/turn

%: no passive effects
@: on fire, glowing
A: horns 2, retaliatory headbutt
a: no special abilities


You were on level 5 of the Dungeon.
You visited 1 branch of the dungeon, and saw 5 of its levels.

You collected 205 gold pieces.

Inventory:

Hand Weapons
 a - a +0 hand axe of draining (weapon)
 j - a +0 battleaxe
 o - a +2 mace of protection
Missiles
 k - 9 poisoned darts (quivered)
 t - 5 atropa-tipped darts
Armour
 b - a +0 ring mail (worn)
 f - a +1 cloak (worn)
 l - a +2 pair of gloves (worn)
Jewellery
 e - a ring of flight
 s - an amulet of magic regeneration
Scrolls
 n - 3 scrolls of teleportation
Potions
 d - a potion of invisibility
 g - 2 potions of mutation
 h - 2 potions of haste
 i - 3 potions of curing
 m - 2 potions of berserk rage {unknown}
 p - 2 potions of might {unknown}
 u - a potion of brilliance {unknown}


   Skills:
 + Level 5.7 Fighting
 * Level 7.1 Axes
 + Level 3.3 Armour
 - Level 3.8 Dodging


You had 5 spell levels left.
You didn't know any spells.
Your spell library contained the following spells:

 Spells                   Type           Power      Damage    Failure   Level
 Passage of Golubria      Tloc           0%         N/A       100%        4
 Silence                  Hex/Air        0%         N/A       100%        5
 Lehudib's Crystal Spear  Conj/Erth      0%         10d2      100%        8


Dungeon Overview and Level Annotations

Branches:
Dungeon (5/15)
 Temple: D:4-7

Altars:

Shops:
D:1 !

Annotations:
D:3 3 runed translucent doors, adizb's ghost, amateur GrMo
D:5 Grinder


Innate Abilities, Weirdness & Mutations

You have a pair of horns on your head.
You reflexively headbutt those who attack you in melee.


Message History

The liquid fire burns you!
* * * LOW HITPOINT WARNING * * *
Grinder blinks!
You hit the bombardier beetle but do no damage.
Your headbutt misses the bombardier beetle.
You punch the bombardier beetle, but do no damage.
The bombardier beetle is lightly wounded.
The liquid fire burns you!
* * * LOW HITPOINT WARNING * * *
The bombardier beetle barely misses you.
You miss the bombardier beetle. You headbutt the bombardier beetle.
The bombardier beetle is heavily wounded.
The liquid fire burns you!
* * * LOW HITPOINT WARNING * * *
You bump into the rock wall.
The liquid fire burns you!
* * * LOW HITPOINT WARNING * * *
You feel less invigorated.
You feel less confused.
The bombardier beetle bites you but does no damage.
You hit the bombardier beetle.
The bombardier beetle is severely wounded.
The liquid fire burns you!
* * * LOW HITPOINT WARNING * * *
Grinder gestures at you. You resist with significant effort.
The bombardier beetle bites you but does no damage.
You hit the bombardier beetle.
You kill the bombardier beetle!
The liquid fire burns you!
* * * LOW HITPOINT WARNING * * *
Grinder gestures at you.
You barely resist.
You feel better. The liquid fire burns you!
* * * LOW HITPOINT WARNING * * *
Grinder gestures at you. Pain shoots through your body!
You die...
Grinder sighs, "Dead already?
I want a refund."

.# .### # B..#
#.#####.#.####
##.............
#......!...####.
...####.#.......
#.†.##### ##@.#
#..# #5.# #..#
###..######
#.........#
#.#######.# #.#
##.#


You could see Grinder.

Vanquished Creatures
  Sigmund (D:4)
  A bombardier beetle (D:5)
  2 orc priests (D:3)
  A jelly (D:3)
  A sleepcap (D:5)
  2 orc wizards (D:3)
  3 adders
  A ribbon worm (D:2)
  18 orcs
  6 ball pythons
  5 endoplasms
  2 giant cockroaches (D:1)
  8 goblins
  8 hobgoblins
  5 kobolds
  2 quokkas
  6 bats
  3 frilled lizards
  5 rats
80 creatures vanquished.

Notes
Turn   | Place    | Note
-------+----------+-------------------------------------------
     0 | D:1      | booth the Minotaur Monk began the quest for the Orb.
     0 | D:1      | Reached XP level 1. HP: 19/19 MP: 0/0
    77 | D:1      | Reached skill level 4 in Axes
    93 | D:1      | Reached XP level 2. HP: 27/27 MP: 1/1
    95 | D:1      | Found Leippem's Distillery.
   645 | D:2      | Reached XP level 3. HP: 30/33 MP: 2/2
  1302 | D:3      | Found a runed translucent gate.
  1302 | D:3      | Found a runed translucent gate.
  1302 | D:3      | Found a runed translucent gate.
  1303 | D:3      | Noticed adizb's ghost (amateur GrMo)
  1348 | D:3      | Reached skill level 5 in Axes
  1348 | D:3      | Reached XP level 4. HP: 31/41 MP: 3/3
  1364 | D:3      | Reached skill level 1 in Armour
  1486 | D:3      | Reached XP level 5. HP: 47/47 MP: 4/4
  1919 | D:3      | Reached skill level 6 in Axes
  1926 | D:3      | Reached skill level 5 in Fighting
  2170 | D:4      | Noticed Sigmund
  2445 | D:4      | Killed Sigmund
  2446 | D:4      | Reached XP level 6. HP: 50/56 MP: 5/5
  2623 | D:5      | Entered Level 5 of the Dungeon
  2656 | D:5      | Reached skill level 7 in Axes
  2685 | D:5      | Noticed Grinder
  2689 | D:5      | Paralysed by Grinder for 4 turns
  2703 | D:5      | HP: 1/56 [burnt (6)]
  2704 | D:5      | Killed from afar by Grinder

Illustrated notes

Levels and vault maps discovered:
D:1:      lightli_arrival_lavapool, layout_basic, serial_shops, shop
D:2:      layout_loops_cross, minmay_hedge_maze
D:3:      layout_basic, ebering_ghost_rock_garden,
          minmay_misc_feat_secret_circle
D:4:      layout_gridville, uniq_sigmund
D:5:      layout_loops_ring, nicolae_elevator_lobby_plus, uniq_grinder

Skill      XL: |  1  2  3  4  5  6 |
---------------+-------------------+-----
Axes           | 4 5 6 7 |  7.1
Fighting       | 4 5 |  5.7
Armour         | 1 3 |  3.3
Dodging        | |  3.8

Action                     |  1- 3 |  4- 6 || total
---------------------------+-------+-------++-------
  Melee: Hand axe          |    69 |    82 ||   151
         Headbutt          |    11 |    11 ||    22
         Punch             |       |     2 ||     2
  Throw: Dart              |     3 |     4 ||     7
    Use: Scroll            |     4 |     6 ||    10
         Potion            |     1 |     2 ||     3
 Armour: Ring mail         |    33 |    37 ||    70
         Robe              |     5 |       ||     5
  Dodge: Dodged            |    37 |    41 ||    78
